[Event "Titled Tuesday Blitz November 29 Late 2022"]
[White "Adla, Diego"]
[Black "Preotu, Razvan"]
[WhiteFideId "100072"]
[BlackFideId "2613280"]
[WhiteElo "2377"]
[BlackElo "2407"]
[Result "1-0"]
[Round "08"]
[TimeControl "180+1"]
[Date "2022.11.30"]
[WhiteClock "0:00:25"]
[BlackClock "0:00:09"]

1. Nf3 c5 2. c4 Nc6 3. d4 cxd4 4. Nxd4 Nf6 5. Nc3 e6 6. g3 Qb6 7. Ndb5 Ne5 8. Bf4 Nfg4 9. e3 a6 10. h3 axb5 11. hxg4 Qc6 12. cxb5 Qxh1 13. Bxe5 f6 14. Bd6 h5 15. Bxf8 Kxf8 16. Qd6+ Kf7 17. g5 Qf3 18. Be2 Qf5 19. O-O-O Qxg5 20. Ne4 Qe5 21. Qb4 d5 22. Nd6+ Kg8 23. Kb1 g5 24. Bd3 h4 25. Qc5 Bd7 26. Qc7 Be8 27. Qe7 f5 28. Nxe8 Rh6 29. f4 Qh8 30. fxg5 Qh7 31. Nf6+ Rxf6 32. Qxf6 hxg3 33. g6 Qg7 34. Qxg7+ Kxg7 35. Rg1 Kxg6 36. Rxg3+ Kf6 37. Rh3 b6 38. Rh7 Rg8 39. Rb7 Rg3 40. Rxb6 Rxe3 41. Kc2 f4 42. Rb8 Ke7 43. b6 f3 44. b7 f2 45. Rf8 Kxf8 46. b8=Q+ Kg7 47. Qf4 1-0


[Site "https://www.chess.com"]

[Event "Titled Tuesday Blitz November 29 Late 2022"]
[White "Adury, Anant"]
[Black "Bilan, Danila"]
[WhiteFideId "30964687"]
[BlackFideId "24161918"]
[WhiteElo "2192"]
[BlackElo "2173"]
[Result "1-0"]
[Round "08"]
[TimeControl "180+1"]
[Date "2022.11.30"]
[WhiteClock "0:01:47"]
[BlackClock "0:00:04"]

1. Nf3 d5 2. g3 Nf6 3. Bg2 c5 4. O-O Nc6 5. d4 Bg4 6. Ne5 cxd4 7. Nxg4 Nxg4 8. e4 Nf6 9. exd5 Nxd5 10. c3 e6 11. cxd4 Be7 12. Nc3 Nb6 13. d5 exd5 14. Nxd5 Nxd5 15. Qxd5 Qxd5 16. Bxd5 O-O 17. Be3 Bf6 18. Rac1 Bxb2 19. Rb1 Bf6 20. Rxb7 Nd4 21. Rxf7 Rxf7 22. Bxa8 Rd7 23. Kg2 Nc2 24. Bf4 g5 25. Bc1 Re7 26. Bd5+ Kg7 27. Bb3 Re2 28. Rd1 Nd4 29. Be3 Nxb3 30. axb3 Rb2 31. Rd7+ Kg6 32. Rd6 Rxb3 33. Bd4 Kf5 34. Rxf6+ Ke4 35. Be3 a5 36. Bxg5 a4 37. Rh6 Rb5 38. h4 Ra5 39. Rxh7 a3 40. Bf6 Kf5 41. Ba1 Kg6 42. Rb7 Kf5 43. Rb3 Ke4 44. h5 a2 45. h6 Rh5 46. Rb2 Rxh6 47. Rxa2 Rc6 48. Re2+ Kd3 49. Re3+ Kd2 50. Rf3 Rg6 51. Be5 Ke2 52. Bf4 Rf6 53. Re3+ Kd1 54. g4 Rxf4 55. Kg3 Rf8 56. f4 Kd2 57. Rf3 Ke2 58. f5 Rg8 59. f6 Rf8 60. f7 Ke1 61. g5 Ke2 62. g6 Ra8 63. f8=Q Ra2 64. Qe7+ Kd1 65. Qe3 Rd2 66. Qxd2+ Kxd2 67. g7 Kc1 68. g8=Q Kb1 69. Qg4 Ka1 70. Qf4 Kb2 71. Re3 Kc1 72. Qd4 Kc2 73. Rc3+ Kb2 74. Qb4+ 1-0


[Site "https://www.chess.com"]

[Event "Titled Tuesday Blitz November 29 Late 2022"]
[White "Aguilar, Juan"]
[Black "Di Berardino, Diego Rafael"]
[WhiteFideId "3800091"]
[BlackFideId "2105446"]
[WhiteElo "2532"]
[BlackElo "2442"]
[Result "1-0"]
[Round "08"]
[TimeControl "180+1"]
[Date "2022.11.30"]
[WhiteClock "0:00:24"]
[BlackClock "0:00:02"]

1. d4 Nf6 2. c4 e6 3. Nf3 d5 4. g3 Be7 5. Bg2 O-O 6. O-O dxc4 7. Qc2 a6 8. a4 Bd7 9. Qxc4 Bc6 10. Bf4 a5 11. Nc3 Na6 12. Rfe1 Nb4 13. Qb3 Bd5 14. Qd1 Ne4 15. Qb1 Nd6 16. e4 Bb3 17. Rc1 Nc4 18. Bf1 g5 19. Be3 g4 20. Nd2 Nxd2 21. Bxd2 Qxd4 22. Be3 Qe5 23. Ra3 Bc2 24. Rxc2 Nxc2 25. Qxc2 Bxa3 26. bxa3 c6 27. Ne2 Rfd8 28. Nf4 Qa1 29. Kg2 Qd1 30. Qc3 Qf3+ 31. Kg1 Rd1 32. Nh5 Rxf1+ 33. Kxf1 Qd1+ 34. Qe1 Qxe1+ 35. Kxe1 b5 36. Nf6+ Kf8 37. Nxg4 bxa4 38. Bc5+ Ke8 39. Nf6+ Kd8 40. Nxh7 Rb8 41. Ng5 Ke8 42. h4 Rb1+ 43. Ke2 Rc1 44. Bd4 c5 45. Kd2 Rc4 46. Bc3 f5 47. h5 1-0


[Site "https://www.chess.com"]

[Event "Titled Tuesday Blitz November 29 Late 2022"]
[White "Ankerst, Mihael"]
[Black "Floresvillar Gonzalez, Luis Migu"]
[WhiteFideId "14602369"]
[BlackFideId "5100542"]
[WhiteElo "2318"]
[BlackElo "2040"]
[Result "1-0"]
[Round "08"]
[TimeControl "180+1"]
[Date "2022.11.30"]
[WhiteClock "0:01:23"]
[BlackClock "0:00:02"]

1. e4 c5 2. d4 cxd4 3. Nf3 Nc6 4. Nxd4 Nf6 5. Nc3 d6 6. Bc4 e6 7. Be3 Be7 8. Bb3 Nxd4 9. Qxd4 Bd7 10. O-O-O a5 11. g4 h6 12. a4 e5 13. Qc4 Be6 14. Qb5+ Qd7 15. f3 Bxb3 16. Qxb3 Rc8 17. Rd3 O-O 18. h4 Nh7 19. Nd5 Bd8 20. Rg1 Bxh4 21. Nb6 Qe7 22. Nxc8 Rxc8 23. Rgd1 Rc6 24. Bb6 Ng5 25. Bxa5 Ne6 26. Bb4 Nd4 27. Qa3 Bg5+ 28. Kb1 Qc7 29. c3 Ne6 30. Bxd6 Qb6 31. Bxe5 Nf4 32. a5 Qa6 33. Bxf4 Bxf4 34. Rd8+ Kh7 35. Qb3 Bc7 36. Rc8 Bxa5 37. Rxc6 Qxc6 38. Qxf7 b5 39. Rd7 Qg6 40. Qxg6+ Kxg6 41. Rd5 Bc7 42. Rxb5 Kf6 43. Rc5 1-0


[Site "https://www.chess.com"]

[Event "Titled Tuesday Blitz November 29 Late 2022"]
[White "Arkell, Keith C"]
[Black "Gatterer, Florian"]
[WhiteFideId "400270"]
[BlackFideId "811688"]
[WhiteElo "2342"]
[BlackElo "2218"]
[Result "1-0"]
[Round "08"]
[TimeControl "180+1"]
[Date "2022.11.30"]
[WhiteClock "0:02:24"]
[BlackClock "0:00:37"]

1. d4 Nf6 2. Nf3 d5 3. c4 e6 4. cxd5 exd5 5. Nc3 c6 6. Qc2 Be7 7. Bg5 O-O 8. e3 g6 9. Bxf6 Bxf6 10. b4 Bf5 11. Bd3 Bxd3 12. Qxd3 Nd7 13. b5 c5 14. Nxd5 cxd4 15. Nxf6+ Nxf6 16. Nxd4 Qa5+ 17. Qd2 Qxd2+ 18. Kxd2 Ne4+ 19. Ke2 Rac8 20. Rhc1 a6 21. bxa6 bxa6 22. f3 Nc3+ 23. Kd3 Nd5 24. a3 Rfd8 25. Rab1 Kg7 26. Rxc8 Rxc8 27. Ne2 f5 28. e4 fxe4+ 29. fxe4 Nc7 30. Nd4 Kh6 31. Rc1 g5 32. Rc6+ Kh5 33. h3 Kh4 34. Nf5+ Kh5 35. Rh6# 1-0


[Site "https://www.chess.com"]

[Event "Titled Tuesday Blitz November 29 Late 2022"]
[White "Arnold, Ken"]
[Black "Estrada Nieto, Julian"]
[WhiteFideId "2056836"]
[BlackFideId "5101018"]
[WhiteElo "2374"]
[BlackElo "2221"]
[Result "1-0"]
[Round "08"]
[TimeControl "180+1"]
[Date "2022.11.30"]
[WhiteClock "0:00:06"]
[BlackClock "0:00:11"]

1. e4 e5 2. Nf3 Nc6 3. Bc4 Bc5 4. O-O Nf6 5. c3 d6 6. d4 exd4 7. cxd4 Bb6 8. Bg5 h6 9. Bxf6 Qxf6 10. e5 dxe5 11. dxe5 Qg6 12. Qb3 O-O 13. Nbd2 Na5 14. Qc3 Nxc4 15. Nxc4 Be6 16. Nxb6 cxb6 17. a3 Rac8 18. Qe3 Bd5 19. Rac1 Rfe8 20. Rfe1 Rxc1 21. Rxc1 Bc6 22. g3 Qh5 23. Rc3 Bxf3 24. Qxf3 Qxf3 25. Rxf3 Rxe5 26. Rd3 Re2 27. Rd8+ Kh7 28. b4 Ra2 29. Rd3 a5 30. Rb3 a4 31. Rc3 Kg6 32. Kg2 f6 33. Rc7 Rxa3 34. Rxb7 Rb3 35. Rxb6 Kf5 36. h4 g5 37. hxg5 hxg5 38. b5 Ke5 39. Ra6 a3 40. b6 f5 41. Ra5+ Ke6 42. Ra6 g4 43. b7+ Ke5 44. Rxa3 Rxb7 45. Ra5+ Kf6 46. Ra6+ Kg5 47. Rc6 Rb2 48. Rd6 Re2 49. Rc6 Re7 50. Rb6 Rd7 51. Rc6 Rh7 52. Rd6 Rc7 53. Re6 Rc5 54. Rd6 Re5 55. Rc6 f4 56. gxf4+ Kxf4 57. Rc3 Re4 58. Rc8 Rb4 59. Rf8+ Kg5 60. Rg8+ Kf5 61. Rf8+ Ke6 62. Kg3 Ke7 63. Rf4 Rb1 64. Kxg4 Ke6 65. Rf8 Rg1+ 66. Kf4 Rg2 67. f3 Rh2 68. Ra8 Kf6 69. Ra6+ Kg7 70. Kg5 Rg2+ 71. Kf5 Rb2 72. f4 Rb5+ 73. Kg4 Rb4 74. Kg5 Rb1 75. Ra7+ Kf8 76. f5 Rb2 77. Kg6 Ke8 78. Ra8+ Kd7 79. f6 Rg2+ 80. Kf7 Rf2 81. Ra4 Kd6 82. Re4 Rf1 83. Kg7 Rg1+ 84. Kf8 Kd5 85. Re7 Kd6 86. f7 Rh1 87. Ke8 Ra1 88. Rd7+ Ke6 89. f8=Q Ra8+ 90. Rd8 Rc8 91. Qe7+ 1-0


[Site "https://www.chess.com"]

[Event "Titled Tuesday Blitz November 29 Late 2022"]
[White "Bas Mas, Jose Joaquin"]
[Black "Melian, Juan Sebastian"]
[WhiteFideId "22219064"]
[BlackFideId "3706575"]
[WhiteElo "2233"]
[BlackElo "2044"]
[Result "0-1"]
[Round "08"]
[TimeControl "180+1"]
[Date "2022.11.30"]
[WhiteClock "0:00:01"]
[BlackClock "0:00:12"]

1. e4 c5 2. Nc3 e6 3. Nf3 a6 4. d4 cxd4 5. Nxd4 b5 6. Bd3 Bb7 7. O-O Nc6 8. Nf3 d6 9. a4 b4 10. Ne2 Nf6 11. Ng3 Be7 12. Qe2 O-O 13. Bg5 Nd7 14. Be3 Qc7 15. Nd2 Rfe8 16. f4 Nc5 17. Qg4 Bf8 18. Nh5 Kh8 19. Nf3 f5 20. exf5 Nxd3 21. cxd3 exf5 22. Qxf5 Rxe3 23. Ng5 g6 24. Qf6+ Kg8 25. Rfe1 Rae8 26. Rxe3 Rxe3 27. Rc1 gxh5 28. Ne6 Qf7 29. Qxf7+ Kxf7 30. Ng5+ Ke8 31. Nxh7 Bg7 32. Ng5 Bxb2 33. Rd1 Bd4 34. Kf1 b3 35. f5 b2 36. Ne6 Rxd3 0-1


[Site "https://www.chess.com"]

[Event "Titled Tuesday Blitz November 29 Late 2022"]
[White "Bjelobrk, Igor"]
[Black "Yeritsyan, Hayk"]
[WhiteFideId "4300726"]
[BlackFideId "13307320"]
[WhiteElo "2335"]
[BlackElo "2442"]
[Result "1-0"]
[Round "08"]
[TimeControl "180+1"]
[Date "2022.11.30"]
[WhiteClock "0:02:15"]
[BlackClock "0:01:43"]

1. Nf3 d5 2. c4 c6 3. d4 Nf6 4. g3 Bf5 5. Nc3 e6 6. Nh4 Be4 7. f3 Bg6 8. Qb3 Qb6 9. c5 Qxb3 10. axb3 Na6 11. Bf4 Nb4 12. Kd2 Be7 13. Ra4 a5 14. Bg2 O-O 15. Bc7 Nc2 16. Nxg6 hxg6 17. Kxc2 1-0


[Site "https://www.chess.com"]

[Event "Titled Tuesday Blitz November 29 Late 2022"]
[White "Bluebaum, Matthias"]
[Black "Nakamura, Hikaru"]
[WhiteFideId "24651516"]
[BlackFideId "2016192"]
[WhiteElo "2633"]
[BlackElo "2909"]
[Result "0-1"]
[Round "08"]
[TimeControl "180+1"]
[Date "2022.11.30"]
[WhiteClock "0:00:04"]
[BlackClock "0:00:10"]

1. d4 f5 2. Nf3 g6 3. c4 Nf6 4. e3 Bg7 5. b4 e6 6. Be2 d6 7. Bb2 O-O 8. O-O Qe7 9. a4 Nbd7 10. Qb3 Kh8 11. Nc3 Re8 12. Rfd1 h6 13. a5 a6 14. b5 g5 15. Na4 g4 16. Nd2 h5 17. b6 c6 18. d5 c5 19. dxe6 Qxe6 20. Nc3 Ne5 21. Nd5 Nxd5 22. cxd5 Qg6 23. Nc4 Bd7 24. Kh1 h4 25. h3 Re7 26. Nxe5 Bxe5 27. Bxe5+ Rxe5 28. f4 gxf3 29. Bxf3 Rae8 30. Re1 Bb5 31. Qc3 Kh7 32. Qd2 Qg3 33. Ra3 f4 34. e4 Bd7 35. Rc3 Qg5 36. Qf2 Kg7 37. Rf1 Qg3 38. Qd2 Qg5 39. Qf2 Rf8 40. Ra3 Be8 41. Rc3 Bg6 42. Rc4 Rfe8 43. Qb2 Qf6 44. Qf2 Qg5 45. Qb2 Kf8 46. Qf2 Ke7 47. Rfc1 Kf6 48. R4c2 Bxe4 49. Bxe4 Rxe4 50. Rf1 Qg3 51. Qg1 Re1 52. Rcf2 Rxf1 53. Qxf1 Re4 54. Re2 Qd3 55. Qa1+ Re5 56. Rxe5 dxe5 57. Qe1 Qg3 58. Qd1 c4 59. d6 Qd3 60. Qh5 Qxd6 61. Qh6+ Ke7 62. Qg7+ Ke6 63. Qg8+ Kf5 64. Qh7+ Ke6 65. Qg8+ Kd7 66. Qf7+ Kc6 67. Qxc4+ Qc5 68. Qe4+ Qd5 69. Qh7 Kb5 70. Qxh4 Kxa5 71. Qf2 Qd4 72. Qa2+ Kxb6 73. h4 e4 74. Qb3+ Ka7 75. Qb1 e3 76. h5 e2 77. Kh2 f3 78. gxf3 Qe5+ 79. Kh3 e1=Q 80. Qb6+ Kxb6 81. h6 Q5g3# 0-1


[Site "https://www.chess.com"]

[Event "Titled Tuesday Blitz November 29 Late 2022"]
[White "Bok, Benjamin"]
[Black "Korobov, Anton"]
[WhiteFideId "1017063"]
[BlackFideId "14105730"]
[WhiteElo "2658"]
[BlackElo "2635"]
[Result "0-1"]
[Round "08"]
[TimeControl "180+1"]
[Date "2022.11.30"]
[WhiteClock "0:00:02"]
[BlackClock "0:00:06"]

1. d4 Nf6 2. c4 g6 3. g3 Bg7 4. Bg2 O-O 5. Nc3 Nc6 6. Nf3 a6 7. O-O Rb8 8. d5 Na5 9. c5 d6 10. b4 Nc4 11. Nd4 dxc5 12. bxc5 Nd7 13. c6 Nc5 14. cxb7 Bxb7 15. Rb1 Ba8 16. Rxb8 Qxb8 17. e3 Qb4 18. Qc2 Rb8 19. h4 h5 20. Rd1 Na3 21. Bxa3 Qxa3 22. Ne4 Nxe4 23. Bxe4 Qd6 24. Nc6 Rb2 25. Qa4 Bb7 26. Kg2 Bc8 27. Bf3 Bf6 28. a3 Qc5 29. Qf4 Kg7 30. Rf1 Qxa3 31. Qxc7 Bf5 32. Qf4 a5 33. e4 Bxe4 34. Qxe4 a4 35. Re1 Qb3 36. Re3 Qb6 37. Re2 a3 38. Rxb2 Qxb2 39. d6 exd6 40. Qd5 a2 41. Nd8 Bxd8 0-1


[Site "https://www.chess.com"]

[Event "Titled Tuesday Blitz November 29 Late 2022"]
[White "Bortnyk, Olexandr"]
[Black "Hansen, Eric"]
[WhiteFideId "14120828"]
[BlackFideId "2606771"]
[WhiteElo "2723"]
[BlackElo "2568"]
[Result "1-0"]
[Round "08"]
[TimeControl "180+1"]
[Date "2022.11.30"]
[WhiteClock "0:00:18"]
[BlackClock "0:00:02"]

1. e4 c5 2. c3 Nf6 3. e5 Nd5 4. d4 cxd4 5. Nf3 Nc6 6. cxd4 d6 7. Bc4 e6 8. O-O Be7 9. Qe2 O-O 10. Rd1 Qb6 11. Qe4 Rd8 12. exd6 Rxd6 13. Nc3 Nf6 14. Qe2 Bd7 15. Nb5 Rd5 16. Bxd5 exd5 17. h3 Re8 18. Nc3 h6 19. Be3 a6 20. Ne5 Bf5 21. Rac1 Nd8 22. Qf3 Be6 23. b3 Qa5 24. Rc2 Nh7 25. Ne2 f6 26. Qh5 Nf7 27. Nxf7 Bxf7 28. Qg4 h5 29. Qd7 Qb6 30. Rc8 Rxc8 31. Qxc8+ Nf8 32. Rc1 1-0


[Site "https://www.chess.com"]

[Event "Titled Tuesday Blitz November 29 Late 2022"]
[White "Carlsen, Magnus"]
[Black "Jobava, Baadur"]
[WhiteFideId "1503014"]
[BlackFideId "13601520"]
[WhiteElo "2830"]
[BlackElo "2582"]
[Result "1/2-1/2"]
[Round "08"]
[TimeControl "180+1"]
[Date "2022.11.30"]
[WhiteClock "0:00:10"]
[BlackClock "0:00:05"]

1. e4 c6 2. d4 d5 3. exd5 cxd5 4. Bd3 Nf6 5. h3 Nc6 6. Nf3 g6 7. O-O Bf5 8. Be2 h5 9. Re1 e6 10. c4 Bg7 11. Nc3 O-O 12. Bg5 dxc4 13. Bxc4 Qb6 14. Qd2 Rad8 15. Rad1 Rd7 16. Na4 Qb4 17. Qxb4 Nxb4 18. Nc5 Rc7 19. Bf4 Rcc8 20. a3 Nc2 21. Re2 b6 22. Bd3 Nxd4 23. Nxd4 bxc5 24. Nxf5 gxf5 25. Ba6 Rcd8 26. Rc1 Nd5 27. Be5 Bxe5 28. Rxe5 Rb8 29. Bc4 Nf6 30. Rc2 Nd7 31. Re3 Kg7 32. Be2 h4 33. Rec3 Kf6 34. Rc4 Rh8 35. Rd2 Rb7 36. Kf1 Rhb8 37. Rxh4 Ne5 38. b4 cxb4 39. axb4 Rxb4 40. Rxb4 Rxb4 41. Bd1 a5 42. Ra2 Nc4 43. Ra1 Ke5 44. Ke1 Kd4 45. h4 Kc5 46. h5 Rb8 47. Be2 Ne5 48. Rxa5+ Kd6 49. Ra7 Rh8 50. f4 Ng4 51. Bxg4 fxg4 52. Rxf7 Rxh5 53. Kf2 Rf5 54. Rxf5 exf5 55. Ke3 Kd5 56. Kd3 Kc5 57. Kc3 Kd5 58. Kd3 Kc5 59. Kc3 Kd5 60. Kd3 1/2-1/2


[Site "https://www.chess.com"]

[Event "Titled Tuesday Blitz November 29 Late 2022"]
[White "Chernomordik, Pavel"]
[Black "Abrahamyan, Tatev"]
[WhiteFideId "2804530"]
[BlackFideId "13301918"]
[WhiteElo "2192"]
[BlackElo "2347"]
[Result "0-1"]
[Round "08"]
[TimeControl "180+1"]
[Date "2022.11.30"]
[WhiteClock "0:00:07"]
[BlackClock "0:00:29"]

1. e4 e6 2. Nc3 d5 3. d4 Bb4 4. Ne2 Nf6 5. Bg5 dxe4 6. a3 Be7 7. Bxf6 Bxf6 8. Nxe4 b6 9. c3 Bb7 10. N2g3 Be7 11. Bb5+ c6 12. Bd3 O-O 13. O-O Nd7 14. Qe2 c5 15. dxc5 Nxc5 16. Nxc5 Bxc5 17. Rad1 Qc7 18. Ne4 Be7 19. Qh5 g6 20. Qh6 Rfd8 21. Ng5 Bxg5 22. Qxg5 Rd5 23. Qg3 Qe7 24. h4 Rad8 25. Be2 Qc5 26. Rxd5 Bxd5 27. Rd1 Qe7 28. h5 Kg7 29. Qe5+ f6 30. Qe3 e5 31. h6+ Kf8 32. Qd2 Rd7 33. g4 Be6 34. Qe3 Rxd1+ 35. Bxd1 Qd7 36. Qf3 Ke7 37. Be2 Bd5 38. Qe3 Bc6 39. g5 Qd5 40. gxf6+ Kxf6 41. f3 Qc5 42. Kf2 Qxe3+ 43. Kxe3 Kg5 44. c4 Kxh6 45. b4 Kg5 46. c5 bxc5 47. bxc5 h5 48. Bd3 Kf6 49. f4 exf4+ 50. Kxf4 g5+ 51. Kg3 h4+ 52. Kg4 Bd7+ 53. Kf3 Ke5 54. Be4 g4+ 55. Ke3 h3 56. c6 Bc8 57. c7 g3 58. Bc6 Kd6 59. Be4 Kxc7 60. Kf3 g2 61. Kf2 Bb7 62. Bf5 Bc8 63. Be4 Kb6 64. Bxg2 hxg2 65. Kxg2 Kc5 66. Kf2 Kc4 67. Ke3 Kb3 68. Kd2 Kb2 69. a4 a5 70. Kd3 Bd7 71. Kc4 Bxa4 72. Kc5 Bb3 73. Kb5 a4 0-1


[Site "https://www.chess.com"]

[Event "Titled Tuesday Blitz November 29 Late 2022"]
[White "Chigaev, Maksim"]
[Black "Bazeev, German"]
[WhiteFideId "4108116"]
[BlackFideId "24119350"]
[WhiteElo "2541"]
[BlackElo "2493"]
[Result "1-0"]
[Round "08"]
[TimeControl "180+1"]
[Date "2022.11.30"]
[WhiteClock "0:00:05"]
[BlackClock "0:00:04"]

1. c4 e5 2. g3 Nf6 3. Bg2 h6 4. d3 Bb4+ 5. Nc3 O-O 6. Bd2 Re8 7. Nf3 Nc6 8. O-O d6 9. a3 Bxc3 10. Bxc3 Bg4 11. h3 Bf5 12. e4 Bd7 13. Kh2 Nh7 14. Nd2 Nd4 15. Bxd4 exd4 16. f4 c5 17. b4 b6 18. Rb1 Bc6 19. Nf3 Qd7 20. Nh4 Nf8 21. Nf5 Kh7 22. g4 Ng6 23. h4 Qd8 24. Kg3 Ne7 25. Nxe7 Qxe7 26. g5 cxb4 27. axb4 a5 28. b5 Bd7 29. Qd2 Rac8 30. Qf2 Qe6 31. Kh2 Rc5 32. Qxd4 Qg4 33. Qf2 hxg5 34. fxg5 Be6 35. Qg3 Qxg3+ 36. Kxg3 g6 37. Rf6 Kg7 38. Rbf1 Re7 39. Bh3 Rcc7 40. Bxe6 Rxe6 41. Rxe6 fxe6 42. Ra1 e5 43. Kg4 Rf7 44. Kg3 Rf8 45. Rd1 Rc8 46. Kf3 Rf8+ 47. Ke3 Rh8 48. d4 Rxh4 49. dxe5 dxe5 50. Rd7+ Kf8 51. Rd6 Rh3+ 52. Kd2 Rh4 53. Rxg6 Rxe4 54. Kd3 Rh4 55. Rxb6 Ke7 56. Ra6 Kd7 57. Rxa5 Kd6 58. Ra6+ Kc5 59. Rc6+ Kb4 60. b6 1-0


[Site "https://www.chess.com"]

[Event "Titled Tuesday Blitz November 29 Late 2022"]
[White "Clawitter, Craig"]
[Black "Burke, Paul"]
[WhiteFideId "2023105"]
[BlackFideId "2605767"]
[WhiteElo "2259"]
[BlackElo "1922"]
[Result "1-0"]
[Round "08"]
[TimeControl "180+1"]
[Date "2022.11.30"]
[WhiteClock "0:00:12"]
[BlackClock "0:01:04"]

1. e4 e5 2. Nf3 Nc6 3. Bb5 f5 4. Nc3 Nf6 5. exf5 e4 6. Bxc6 dxc6 7. Ng5 Be7 8. Ngxe4 O-O 9. O-O Bxf5 10. Nxf6+ Bxf6 11. d3 Qd7 12. Ne4 Bxe4 13. dxe4 Qxd1 14. Rxd1 Rad8 15. Re1 Rfe8 16. g3 Rd4 17. f3 b6 18. c3 Rd3 19. Kg2 Red8 20. Bf4 R8d7 21. e5 Be7 22. e6 Rd8 23. Re2 Rc8 24. Rd2 Rxd2+ 25. Bxd2 Rd8 26. Bf4 Rc8 27. Rd1 h6 28. Rd7 Bf6 29. Rxc7 Re8 30. e7 Rxe7 31. Rxe7 Bxe7 32. Kf2 Bc5+ 33. Be3 Bd6 34. Ke2 Kf7 35. Kd3 g5 36. Ke4 Ke6 37. f4 gxf4 38. Bxf4 Bc5 39. Bxh6 Bg1 40. h3 Bh2 41. g4 c5 42. Bf4 Bg1 43. g5 a6 44. h4 b5 45. h5 b4 46. cxb4 cxb4 47. g6 1-0


[Site "https://www.chess.com"]

[Event "Titled Tuesday Blitz November 29 Late 2022"]
[White "D`Arruda, Ricardo D."]
[Black "Radovanovic, Dusan"]
[WhiteFideId "100692"]
[BlackFideId "926868"]
[WhiteElo "2457"]
[BlackElo "2341"]
[Result "1-0"]
[Round "08"]
[TimeControl "180+1"]
[Date "2022.11.30"]
[WhiteClock "0:00:41"]
[BlackClock "0:00:08"]

1. d4 Nf6 2. Nf3 e6 3. g3 c5 4. Bg2 cxd4 5. O-O d5 6. Nxd4 Nc6 7. c4 Be7 8. Nc3 O-O 9. cxd5 exd5 10. b3 Re8 11. Bb2 Bc5 12. e3 Bg4 13. Qd2 Nxd4 14. exd4 Bb6 15. h3 Bh5 16. Rfe1 Qd7 17. Re5 Ba5 18. Qd3 Bg6 19. Qb5 Qxb5 20. Nxb5 Rxe5 21. dxe5 Ne4 22. Rd1 Rd8 23. Nxa7 Bb6 24. Bd4 Bxa7 25. Bxa7 Nc3 26. Rd2 Nb5 27. Bd4 Bf5 28. a4 Nxd4 29. Rxd4 Be6 30. f4 g6 31. g4 Rc8 32. f5 gxf5 33. gxf5 Bxf5 34. Bxd5 Rc2 35. Bxb7 Bxh3 36. a5 Be6 37. b4 Ra2 38. a6 h5 39. b5 h4 40. Rxh4 1-0


[Site "https://www.chess.com"]

[Event "Titled Tuesday Blitz November 29 Late 2022"]
[White "Dardha, Daniel"]
[Black "Boyer, Mahel"]
[WhiteFideId "240990"]
[BlackFideId "45102422"]
[WhiteElo "2528"]
[BlackElo "2454"]
[Result "1-0"]
[Round "08"]
[TimeControl "180+1"]
[Date "2022.11.30"]
[WhiteClock "0:00:19"]
[BlackClock "0:00:03"]

1. c4 g6 2. Nc3 Bg7 3. d4 d6 4. Nf3 e5 5. e4 Ne7 6. dxe5 dxe5 7. Qxd8+ Kxd8 8. Bg5 f6 9. O-O-O+ Bd7 10. Be3 c6 11. g4 h6 12. Rg1 g5 13. c5 Na6 14. Bxa6 bxa6 15. Nd2 Be6 16. Kc2 Kc7 17. f3 Ng6 18. Ne2 h5 19. h3 hxg4 20. hxg4 Rh2 21. Ng3 Nh4 22. Kc3 Rh3 23. Rdf1 Rd8 24. Nf5 Nxf5 25. gxf5 Bf7 26. Rh1 Rdh8 27. Rxh3 Rxh3 28. Kd3 Bh5 29. b3 Bf8 30. Ke2 g4 31. fxg4 Bxg4+ 32. Kf2 Rh2+ 33. Kg3 Rh3+ 34. Kxg4 Rxe3 35. Rh1 Bxc5 36. Rh7+ Kc8 37. Rf7 Bb4 38. Nc4 Rxe4+ 39. Kh5 Rf4 40. Rxf6 Be7 41. Rxc6+ Kb7 42. Na5+ Kb8 43. Kg6 Bb4 44. Nc4 e4 45. Re6 Bc5 46. f6 e3 47. Nxe3 Bxe3 48. Rxe3 Kc7 49. f7 Kd6 50. Kg7 Rg4+ 51. Kh7 Rf4 52. Kg8 Rg4+ 53. Kf8 Rg3 54. Rxg3 1-0


[Site "https://www.chess.com"]

[Event "Titled Tuesday Blitz November 29 Late 2022"]
[White "De Souza, Cristiano Gomes"]
[Black "Papp, Petra"]
[WhiteFideId "2151758"]
[BlackFideId "739049"]
[WhiteElo "2068"]
[BlackElo "2259"]
[Result "0-1"]
[Round "08"]
[TimeControl "180+1"]
[Date "2022.11.30"]
[WhiteClock "0:01:08"]
[BlackClock "0:01:05"]

1. d4 g6 2. c4 Bg7 3. Nf3 d6 4. Nc3 Nf6 5. e4 O-O 6. Be2 e5 7. O-O Nc6 8. d5 Ne7 9. Ne1 Nd7 10. Be3 f5 11. f3 f4 12. Bf2 Nf6 13. c5 g5 14. Rc1 Ng6 15. a4 Rf7 16. a5 Bf8 17. Nd3 h5 18. a6 b6 19. cxb6 cxb6 20. Nb4 Rg7 21. Nb5 g4 22. Nc6 Qe8 23. Kh1 g3 24. hxg3 fxg3 25. Bxg3 h4 26. Bh2 Nh5 27. Qe1 Ng3+ 28. Kg1 Nf4 29. Rf2 Qg6 30. Bc4 h3 31. Bf1 hxg2 32. Bxg2 Bh3 33. Bxh3 Nxh3+ 34. Kg2 Nxe4+ 35. Kxh3 Qh5# 0-1


[Site "https://www.chess.com"]

[Event "Titled Tuesday Blitz November 29 Late 2022"]
[White "Deac, Bogdan-Daniel"]
[Black "Sadhwani, Raunak"]
[WhiteFideId "1226380"]
[BlackFideId "35093487"]
[WhiteElo "2648"]
[BlackElo "2656"]
[Result "1-0"]
[Round "08"]
[TimeControl "180+1"]
[Date "2022.11.30"]
[WhiteClock "0:00:04"]
[BlackClock "0:00:12"]

1. d4 Nf6 2. Nf3 e6 3. e3 d5 4. c4 Bd6 5. Nc3 O-O 6. b3 b6 7. Bb2 Bb7 8. cxd5 exd5 9. g3 Nbd7 10. Bg2 Ba6 11. a3 Re8 12. Ne2 c5 13. O-O Rc8 14. Re1 c4 15. bxc4 Bxc4 16. Nd2 Ba6 17. Nc3 Bb7 18. Qb3 Ne4 19. Ndxe4 dxe4 20. a4 a6 21. Ba3 Bxa3 22. Rxa3 Nf6 23. Rb1 Re6 24. Bh3 Rxc3 25. Qxc3 Rc6 26. Qb2 Qc7 27. Raa1 Nd5 28. Rc1 Nc3 29. Bf1 h5 30. d5 Nxd5 31. Rxc6 Qxc6 32. Qe5 Nf6 33. Rd1 Qc8 34. Qe7 Kh7 35. Rd8 Qc6 36. Qxf7 Bc8 37. Qc4 Qxc4 38. Bxc4 Bd7 39. Bxa6 Bxa4 40. Rb8 Nd7 41. Rb7 Bc6 42. Rc7 Ba4 43. Bb7 Nc5 44. Bc6 Bc2 45. Rc8 Nb3 46. Bd5 Nc5 47. Rb8 Nd7 48. Rb7 Ne5 49. Rxb6 Nf3+ 50. Kh1 h4 51. gxh4 Nxh4 52. Rb4 Kh6 53. Bxe4 Bd1 54. Kg1 g6 55. Rb6 Kg5 56. f4+ Kg4 57. Kf2 Kh3 58. Rb8 Bh5 59. Rh8 Kg4 60. Rh6 Kh3 61. Rh8 Kg4 62. Bg2 Nf5 63. h3+ Kh4 64. Bf3 Ng3 65. Bxh5 Nxh5 66. Kf3 Kxh3 67. f5 Kh4 68. fxg6 Kg5 69. Rxh5+ 1-0


[Site "https://www.chess.com"]

[Event "Titled Tuesday Blitz November 29 Late 2022"]
[White "Domingo Nunez, Ruben"]
[Black "Urazayev, Arystanbek"]
[WhiteFideId "22245570"]
[BlackFideId "13709810"]
[WhiteElo "2406"]
[BlackElo "2441"]
[Result "0-1"]
[Round "08"]
[TimeControl "180+1"]
[Date "2022.11.30"]
[WhiteClock "0:00:01"]
[BlackClock "0:01:15"]

1. e4 c5 2. d4 cxd4 3. c3 d5 4. exd5 Qxd5 5. cxd4 Nc6 6. Nf3 e6 7. Nc3 Bb4 8. Be2 Nf6 9. O-O Qd8 10. h3 O-O 11. Bg5 Be7 12. Rc1 Nb4 13. Ne5 Nfd5 14. Be3 Bd7 15. Bf3 Bc6 16. Nxc6 bxc6 17. Bd2 Nd3 18. Rb1 Rb8 19. Qa4 Nxb2 20. Qa6 Qb6 21. Qe2 Qxd4 22. Nxd5 cxd5 23. Be3 Qf6 24. Bxa7 Ra8 25. Be3 Nc4 26. Bc1 Ba3 27. Rb3 Bxc1 28. Rxc1 g6 29. g3 Ra7 30. h4 h5 31. Rc2 Nd6 32. Qe3 Raa8 33. Rb6 Nf5 34. Qf4 Qa1+ 35. Kg2 Rxa2 36. Rc7 Qe1 37. Bxd5 Ne3+ 38. Kh3 Qf1+ 39. Kh2 Rxf2+ 0-1


[Site "https://www.chess.com"]

[Event "Titled Tuesday Blitz November 29 Late 2022"]
[White "Donchenko, Alexander"]
[Black "Richter, Paul"]
[WhiteFideId "24603295"]
[BlackFideId "2046350"]
[WhiteElo "2572"]
[BlackElo "2589"]
[Result "1-0"]
[Round "08"]
[TimeControl "180+1"]
[Date "2022.11.30"]
[WhiteClock "0:02:13"]
[BlackClock "0:00:17"]

1. c4 Nf6 2. g3 g6 3. Bg2 Bg7 4. Nc3 O-O 5. d4 d6 6. Nf3 Nbd7 7. O-O e5 8. e4 exd4 9. Nxd4 Re8 10. h3 a6 11. Be3 Rb8 12. Qc2 Ne5 13. b3 c5 14. Nde2 b5 15. f4 Ned7 16. Rad1 b4 17. Na4 Bb7 18. e5 Bxg2 19. Kxg2 dxe5 20. Nxc5 exf4 21. Bxf4 Rc8 22. Nb7 Qe7 23. Rfe1 Ne4 24. Nd4 g5 25. Bd6 1-0


[Site "https://www.chess.com"]